 Seeded DCSS version 0.29.1-15-g9cfb28693d (webtiles) character file.

Game seed: 1019281591211795276 (custom seed)

81 bmack86 the Trooper (level 4, -2/40 HPs)
             Began as a Minotaur Fighter on Apr 12, 2023.
             Slain by Grinder (7 damage)
             ... on level 3 of the Dungeon.
             The game lasted 00:04:26 (2567 turns).

bmack86 the Trooper (Minotaur Fighter)              Turns: 2567, Time: 00:04:27

Health: -2/40      AC:  9    Str: 22    XL:     4   Next: 20%
Magic:  3/3        EV:  7    Int:  5    God:
Gold:   123        SH:  4    Dex: 10    Spells: 3/3 levels left

rFire   . . .      SeeInvis .   a - +0 war axe
rCold   . . .      Faith    .   c - +0 buckler
rNeg    . . .      Spirit   .   i - +0 chain mail
rPois   .          Reflect  .   (helmet restricted)
rElec   .          Harm     .   (no cloak)
rCorr   .          Rampage  .   (no gloves)
Will    .....                   (no boots)
Stlth   ..........              (no amulet)
HPRegen 0.13/turn               (no ring)
MPRegen 0.08/turn               (no ring)

@: mighty
A: horns 2, retaliatory headbutt
a: no special abilities


You were on level 3 of the Dungeon.
You visited 1 branch of the dungeon, and saw 3 of its levels.

You collected 193 gold pieces.
You spent 70 gold pieces at shops.

Inventory:

Hand Weapons
 a - a +0 war axe (weapon)
Armour
 b - a +0 scale mail
 c - a +0 buckler (worn)
 i - a +0 chain mail (worn)
Scrolls
 e - 4 scrolls of acquirement {unknown}
 h - a scroll of magic mapping {unknown}
 k - 3 scrolls of teleportation
 m - a scroll of immolation {unknown}
 n - a scroll of enchant weapon {unknown}
 o - a scroll of fear {unknown}
Potions
 g - a potion of haste
 j - 2 potions of curing {unknown}
 l - a potion of magic


   Skills:
 + Level 4.2 Fighting
 * Level 4.0 Axes
 + Level 4.1 Armour
 + Level 4.2 Shields


You had 3 spell levels left.
You didn't know any spells.
Your spell library contained the following spells:

 Spells                   Type           Power      Damage    Failure   Level
 Apportation              Tloc           0%         N/A       99%         1
 Necrotise                Necr           0%         1d4       99%         1
 Summon Small Mammal      Summ           0%         N/A       99%         1
 Ensorcelled Hibernation  Hex/Ice        0%         N/A       100%        2
 Spider Form              Tmut/Pois      0%         N/A       100%        3
 Anguish                  Hex/Necr       0%         N/A       100%        4


Dungeon Overview and Level Annotations

Branches:
Dungeon (3/15)

Altars:

Shops:
D:2 ?

Annotations:
D:3 2 transporters, GasterBasher's ghost, weakling OpTm; Grinder


Innate Abilities, Weirdness & Mutations

You have a pair of horns on your head.
You reflexively headbutt those who attack you in melee.


Message History

The gnoll shouts!
You slash the adder!
You kill the adder!
You see here an adder corpse.
The gnoll bouda shouts!
You hear a shout!
Nothing quivered!
You see here a +0 short sword.
There is a stone staircase leading up here.
There is an open door here.
A rat comes into view.
The rat bites you but does no damage.
You barely miss the rat. Your headbutt misses the rat.
You block the rat's attack. The rat bites you but does no damage.
You closely miss the rat. Your headbutt misses the rat.
The rat bites you but does no damage.
You slash the rat!
You kill the rat!
A goblin comes into view. It is wielding a +0 dagger.
The goblin shouts!
You hear a shout!
You hit the goblin. You headbutt the goblin.
You kill the goblin!
Your Axes skill increases to level 4!
Grinder comes into view.
Grinder shouts!
Things that are here:
a +0 dagger; a goblin corpse You closely miss Grinder.
Grinder hits you!
You hit Grinder.
Grinder is lightly wounded.
Grinder hits you.
You writhe in agony.
You barely miss Grinder. You headbutt Grinder!
Grinder is moderately wounded.
Grinder gestures at you. Pain shoots through your body! Grinder hits you!
* * * LOW HITPOINT WARNING * * *
You writhe in agony.
* * * LOW HITPOINT WARNING * * *
You feel very mighty all of a sudden. Grinder hits you!
You die...

######.#.#
#....#.# #....#.#
#..#.#.# #..#.#.#
##......#
#.......#########
#...............#
####.#..#######@#
......# #.5.#
#####..# #.###
#..# ... ...# ###
##... ####


You could see Grinder.

Vanquished Creatures
  2 adders (D:3)
  A dart slug (D:3)
  8 ball pythons
  5 bats
  5 endoplasms
  4 giant cockroaches
  7 goblins
  4 hobgoblins
  7 kobolds
  2 quokkas
  8 frilled lizards
  6 rats
59 creatures vanquished.

Vanquished Creatures (others)
  10 fungi (D:1)
  11 plants
21 creatures vanquished.

Grand Total: 80 creatures vanquished

Notes
Turn   | Place    | Note
-------+----------+-------------------------------------------
     0 | D:1      | bmack86 the Minotaur Fighter began the quest for the Orb.
     0 | D:1      | Reached XP level 1. HP: 19/19 MP: 0/0
   326 | D:1      | Reached XP level 2. HP: 27/27 MP: 1/1
   393 | D:1      | Found a faded altar of an unknown god.
   812 | D:1      | Reached XP level 3. HP: 33/33 MP: 2/2
  1260 | D:2      | Found Seuseagikh's Magic Scroll Shoppe.
  1322 | D:2      | Bought a scroll of identify for 28 gold pieces
  1322 | D:2      | Bought a scroll of teleportation for 42 gold pieces
  1991 | D:3      | Found a transporter.
  2206 | D:3      | Reached XP level 4. HP: 40/40 MP: 3/3
  2320 | D:3      | Noticed GasterBasher's ghost (weakling OpTm)
  2335 | D:3      | Found a transporter.
  2562 | D:3      | Noticed Grinder
  2567 | D:3      | Slain by Grinder

Illustrated notes

Levels and vault maps discovered:
D:1:      wander_arrival_lonely_grave, layout_basic,
          shapermc_ecumenical_altar_hornbeckon, minmay_small_reverse_x
D:2:      layout_rooms, serial_shops, nicolae_shop_advertising_works
          [nicolae_subvault_shop_adworks]
D:3:      layout_basic, gammafunk_ghost_gnarly_gnolls, uniq_grinder

Skill      XL: |  1  2  3  4 |
---------------+-------------+-----
Axes           | 3 4 |  4.0
Shields        | 4 |  4.2
Fighting       | 4 |  4.2
Armour         | 4 |  4.1

Action                   |  1- 3 |  4- 6 || total
-------------------------+-------+-------++-------
Melee: War axe           |   117 |    11 ||   128
       Headbutt          |     9 |     3 ||    12
  Use: Scroll            |     2 |       ||     2
       Potion            |       |     1 ||     1
Armor: Scale mail        |    13 |       ||    13
       Chain mail        |    69 |     5 ||    74
Dodge: Dodged            |    58 |       ||    58
Block: Buckler           |    39 |     2 ||    41
